[Event "FIDE WCCC Open-12 2024"]
[Site "Montesilvano"]
[Date "2024.11.24"]
[Round "9.20"]
[White "Baturin-Vinogradov, Miroslav"]
[Black "Hallmundarson, Birkir"]
[Result "1-0"]
[ECO "E04"]
[WhiteElo "2048"]
[BlackElo "1914"]
[Annotator "NA RC"]
[PlyCount "91"]
[EventDate "2024.11.18"]
[EventType "swiss"]
[EventCountry "ITA"]
[SourceTitle "playchess.com"]
[Source "ChessBase"]
[SourceQuality "1"]
[TimeControl "5400+30"]

1. d4 Nf6 2. c4 e6 3. Nf3 d5 4. g3 dxc4 5. Bg2 Bb4+ 6. Bd2 a5 7. a3 Bxd2+ 8. Nbxd2 b5 9. b3 cxb3 10. Qxb3 c6 11. O-O Bb7 12. Rfc1 O-O 13. Qb2 Nbd7 14. Ne1 Qb6 15. Nd3 Rac8 16. Nb3 Rfd8 17. e3 Nd5 18. Nbc5 Nxc5 19. Nxc5 Rc7 20. Rab1 h6 21. h4 Rb8 22. Qd2 Rd8 23. f4 Bc8 24. Bf3 Qa7 25. Qf2 Nb6 26. g4 a4 27. Kh2 f5 28. g5 hxg5 29. hxg5 g6 30. Kg3 Nd5 31. Rh1 Rh7 32. Rxh7 Qxh7 33. Rh1 Qg7 34. Nd3 Bd7 35. Ne5 Be8 36. Bxd5 exd5 37. Rh6 b4 38. axb4 a3 39. Qa2 Ra8 40. b5 Qb7 41. bxc6 Qb5 42. Qh2 Kf8 43. Rh8+ Ke7 44. Qh7+ Kd6 45. Rxe8 Qxc6 46. Qe7# 1-0

[Event "FIDE WCCC Open-12 2024"]
[Site "Montesilvano"]
[Date "2024.11.24"]
[Round "9.21"]
[White "Chen, Jun-Wei"]
[Black "Minga-Nagy, Abel Inti"]
[Result "1/2-1/2"]
[ECO "B22"]
[WhiteElo "1907"]
[BlackElo "2033"]
[Annotator "NA RC"]
[PlyCount "113"]
[EventDate "2024.11.18"]
[EventType "swiss"]
[EventCountry "ITA"]
[SourceTitle "playchess.com"]
[Source "ChessBase"]
[SourceQuality "1"]
[TimeControl "5400+30"]

1. e4 c5 2. Nf3 e6 3. c3 d5 4. exd5 Qxd5 5. d4 Nf6 6. Na3 cxd4 7. Nb5 Na6 8. cxd4 Bb4+ 9. Nc3 O-O 10. Bd3 Bxc3+ 11. bxc3 Bd7 12. Qe2 Rac8 13. Bd2 e5 14. dxe5 Rfe8 15. Be3 Rxc3 16. Rd1 Qa5 17. Bd2 Nd5 18. Bxc3 Nxc3 19. Qd2 Nc5 20. O-O Nxd3 21. Qxd3 Bb5 22. Qf5 h6 23. Rd7 Bxd7 24. Qxd7 Rd8 25. Qxb7 Qxa2 26. Qc7 Ne2+ 27. Kh1 Re8 28. h3 Nf4 29. Qd7 Re6 30. Qd8+ Kh7 31. Qd4 Ng6 32. Ra1 Qe2 33. Rxa7 Nxe5 34. Nxe5 Qe1+ 35. Kh2 Qxe5+ 36. Qxe5 Rxe5 37. Rxf7 Ra5 38. Rb7 Ra2 39. Kg3 Ra3+ 40. f3 Ra2 41. h4 Ra1 42. Rb4 Ra2 43. Kh3 Ra3 44. Kg4 Ra2 45. g3 Ra3 46. h5 Ra5 47. f4 Rc5 48. f5 Rc6 49. Kf4 Kg8 50. g4 Kf7 51. g5 hxg5+ 52. Kxg5 Kg8 53. Rb8+ Kh7 54. Rb7 Kg8 55. Rb8+ Kh7 56. Rb7 Kg8 57. Rb8+ 1/2-1/2

[Event "FIDE WCCC Open-12 2024"]
[Site "Montesilvano"]
[Date "2024.11.24"]
[Round "9.22"]
[White "Chia, Yu Zhe Ashton"]
[Black "Elhusseiny, Eyad"]
[Result "1-0"]
[ECO "B87"]
[WhiteElo "2252"]
[BlackElo "2017"]
[Annotator "RC"]
[PlyCount "51"]
[EventDate "2024.11.18"]
[EventType "swiss"]
[EventCountry "ITA"]
[SourceTitle "playchess.com"]
[Source "ChessBase"]
[SourceQuality "1"]
[TimeControl "5400+30"]

1. e4 c5 2. Nf3 d6 3. d4 cxd4 4. Nxd4 Nf6 5. Nc3 a6 6. Bc4 e6 7. O-O b5 8. Bb3 b4 9. Na4 Nxe4 10. f4 Nf6 11. Qf3 d5 12. f5 e5 13. Re1 e4 14. Qg3 g6 15. Bg5 Bd6 16. Qh4 Be5 17. Nf3 Qd6 18. Nxe5 Nh5 19. Rad1 f6 20. Rxd5 fxg5 21. Qxe4 Qe7 22. Nxg6 Qxe4 23. Rxe4+ Kf7 24. Rd6+ Kg7 25. Re7+ Kh6 26. Nf4+ 1-0

[Event "FIDE WCCC Open-12 2024"]
[Site "Montesilvano"]
[Date "2024.11.24"]
[Round "9.23"]
[White "Tatvidze, Davit"]
[Black "Kozhedub, Ivan"]
[Result "1-0"]
[ECO "B38"]
[WhiteElo "2024"]
[BlackElo "1826"]
[Annotator "NA RC"]
[PlyCount "82"]
[EventDate "2024.11.18"]
[EventType "swiss"]
[EventCountry "ITA"]
[SourceTitle "playchess.com"]
[Source "ChessBase"]
[SourceQuality "1"]
[TimeControl "5400+30"]

1. e4 c5 2. Nf3 g6 3. c4 Nc6 4. d4 cxd4 5. Nxd4 Nf6 6. Nc3 Bg7 7. Be3 O-O 8. Be2 Nxd4 9. Bxd4 d6 10. O-O Be6 11. Rc1 Qa5 12. Kh1 Rfc8 13. b3 a6 14. f4 Bd7 15. e5 dxe5 16. fxe5 Ne8 17. Nd5 Qa3 18. Nb6 Bf5 19. Bg4 Bxg4 20. Qxg4 e6 21. c5 Rab8 22. Nxc8 Rxc8 23. Qf3 Rc7 24. c6 bxc6 25. Bb6 Rd7 26. Rxc6 Qe7 27. Bc5 Qd8 28. Rxa6 Bxe5 29. Ra8 Bb8 30. Ba7 Rxa7 31. Rxa7 f5 32. Rb7 Qd6 33. g3 Bc7 34. Rd1 Qe5 35. Rc1 Bd6 36. a4 Nf6 37. Ra7 Ne4 38. Qf4 Nxg3+ 39. Qxg3 f4 40. Qf3 Bc5 41. Qa8+ Bf8 1-0

[Event "FIDE WCCC Open-12 2024"]
[Site "Montesilvano"]
[Date "2024.11.24"]
[Round "9.24"]
[White "Matejka, Simon"]
[Black "Ritzerveld, Noah"]
[Result "1/2-1/2"]
[ECO "C47"]
[WhiteElo "1924"]
[BlackElo "2285"]
[Annotator "RC"]
[PlyCount "80"]
[EventDate "2024.11.18"]
[EventType "swiss"]
[EventCountry "ITA"]
[SourceTitle "playchess.com"]
[Source "ChessBase"]
[SourceQuality "1"]
[TimeControl "5400+30"]

1. e4 e5 2. Nf3 Nc6 3. Nc3 Nf6 4. d4 exd4 5. Nxd4 Bb4 6. Nxc6 bxc6 7. Bd3 O-O 8. O-O d5 9. Bd2 Rb8 10. Re1 Re8 11. exd5 cxd5 12. Rxe8+ Qxe8 13. Qf3 Bg4 14. Qg3 Bd6 15. Qh4 Qe5 16. Re1 Qh5 17. Qxh5 Bxh5 18. b3 c6 19. Ne2 Bg6 20. Bxg6 hxg6 21. Bf4 Bxf4 22. Nxf4 Kf8 23. f3 Nd7 24. Nd3 Re8 25. Rxe8+ Kxe8 26. c3 Ke7 27. Kf2 Kd6 28. Ke3 g5 29. g3 f6 30. f4 gxf4+ 31. Nxf4 Ne5 32. h3 Nf7 33. Nh5 Ng5 34. Nxg7 Nxh3 35. Nf5+ Kd7 36. c4 Ng5 37. cxd5 cxd5 38. Kd4 Ke6 39. Ng7+ Kf7 40. Nf5 Ke6 1/2-1/2

[Event "FIDE WCCC Open-12 2024"]
[Site "Montesilvano"]
[Date "2024.11.24"]
[Round "9.25"]
[White "Rueda Ahumada, Gabriel Omar"]
[Black "Filindash, Nikita"]
[Result "1/2-1/2"]
[ECO "D46"]
[WhiteElo "1928"]
[BlackElo "2076"]
[Annotator "NA RC"]
[PlyCount "72"]
[EventDate "2024.11.18"]
[EventType "swiss"]
[EventCountry "ITA"]
[SourceTitle "playchess.com"]
[Source "ChessBase"]
[SourceQuality "1"]
[TimeControl "5400+30"]

1. d4 d5 2. c4 e6 3. Nf3 Nf6 4. e3 c6 5. Nbd2 Nbd7 6. Bd3 Bd6 7. O-O O-O 8. e4 dxe4 9. Nxe4 Nxe4 10. Bxe4 e5 11. dxe5 Nxe5 12. Nxe5 Bxe5 13. Bxh7+ Kxh7 14. Qh5+ Kg8 15. Qxe5 Re8 16. Qc3 Bf5 17. Be3 Qh4 18. Rad1 Re4 19. Rd4 Rae8 20. b3 b6 21. Rfd1 Qh5 22. Qd2 c5 23. Rxe4 Bxe4 24. Bf4 Bc6 25. f3 Qg6 26. Bg3 Re6 27. Kf2 a6 28. Re1 Rxe1 29. Kxe1 b5 30. Kf2 bxc4 31. bxc4 Qf5 32. h3 Bd7 33. Qd5 Qc2+ 34. Kg1 Be6 35. Qd8+ Kh7 36. Qh4+ Kg8 1/2-1/2

[Event "FIDE WCCC Open-12 2024"]
[Site "Montesilvano"]
[Date "2024.11.24"]
[Round "9.26"]
[White "Bocquenet-Drouode, Hugo"]
[Black "Wang, Zihao(Sh)"]
[Result "1/2-1/2"]
[ECO "B40"]
[WhiteElo "2002"]
[BlackElo "1838"]
[Annotator "RC"]
[PlyCount "150"]
[EventDate "2024.11.18"]
[EventType "swiss"]
[EventCountry "ITA"]
[SourceTitle "playchess.com"]
[Source "ChessBase"]
[SourceQuality "1"]
[TimeControl "5400+30"]

1. e4 c5 2. Nf3 e6 3. b3 b6 4. Bb2 Bb7 5. Qe2 d6 6. c4 Nf6 7. Nc3 Nc6 8. d3 Be7 9. g3 Nd7 10. Bg2 Nde5 11. O-O O-O 12. Rad1 Nxf3+ 13. Qxf3 Bf6 14. Qe2 a6 15. Ra1 Bd4 16. Nd1 b5 17. Bxd4 Nxd4 18. Qd2 Qf6 19. Ne3 b4 20. f4 Rfb8 21. Rae1 a5 22. e5 Qd8 23. Bxb7 Rxb7 24. f5 dxe5 25. f6 e4 26. Ng4 Nf3+ 27. Rxf3 exf3 28. Qg5 g6 29. Re3 h5 30. Ne5 Kh7 31. g4 Qf8 32. Rxf3 Qh6 33. h4 Qxg5 34. hxg5 hxg4 35. Nxg4 Rba7 36. Nh6 Rc8 37. Rh3 Rcc7 38. Nxf7+ Kg8 39. Ne5 Rh7 40. Rf3 Raf7 41. Nxg6 Rh5 42. Ne7+ Kf8 43. Rg3 Rxe7 44. fxe7+ Kxe7 45. g6 Kf8 46. Rg2 Kg7 47. Kf2 Rh3 48. Ke2 e5 49. Rg5 Rh2+ 50. Ke3 Rxa2 51. Rxe5 Kxg6 52. Rxc5 Kf6 53. Kd4 Ke6 54. Rc6+ Kd7 55. Ra6 Ra3 56. c5 Rxb3 57. Rxa5 Kc6 58. Ra6+ Kb5 59. Rb6+ Ka5 60. Rb8 Rc3 61. Rb7 Ka4 62. Rh7 Kb5 63. Rh8 Ka4 64. Rb8 Ka5 65. Kd5 Rxd3+ 66. Kc6 b3 67. Kc7 Ka4 68. c6 Rc3 69. Kd7 Ka3 70. c7 Rxc7+ 71. Kxc7 b2 72. Ra8+ Kb3 73. Rb8+ Kc2 74. Kd6 b1=Q 75. Rxb1 Kxb1 1/2-1/2

[Event "FIDE WCCC Open-12 2024"]
[Site "Montesilvano"]
[Date "2024.11.24"]
[Round "9.27"]
[White "Belyaletdinov, Leonard"]
[Black "Nguyen, Anh Khoi"]
[Result "0-1"]
[ECO "C01"]
[WhiteElo "1903"]
[BlackElo "2520"]
[Annotator "RC"]
[PlyCount "122"]
[EventDate "2024.11.18"]
[EventType "swiss"]
[EventCountry "ITA"]
[SourceTitle "playchess.com"]
[Source "ChessBase"]
[SourceQuality "1"]
[TimeControl "5400+30"]

1. e4 e6 2. d4 d5 3. exd5 exd5 4. Nf3 Nf6 5. h3 c5 6. Bb5+ Nc6 7. O-O Be7 8. Nc3 a6 9. Bxc6+ bxc6 10. dxc5 Bxc5 11. Re1+ Be7 12. Qe2 Be6 13. Nd4 Bd7 14. Bf4 Kf8 15. Qe5 h6 16. Re2 c5 17. Nf5 Bxf5 18. Qxf5 Ra7 19. Rae1 g6 20. Qe5 Kg7 21. Rd2 Rd7 22. Ne2 Kh7 23. Qe3 Re8 24. Qf3 Ne4 25. Rdd1 Bf6 26. Ng3 Bxb2 27. Rb1 Bd4 28. Nxe4 dxe4 29. Rxe4 Rxe4 30. Qxe4 Qf6 31. Re1 Bxf2+ 32. Kxf2 Rd4 33. Qe8 Rxf4+ 34. Kg1 Qd4+ 35. Kh1 Rf2 36. Qa8 Rxc2 37. Qxa6 Qf2 38. Qf1 Rxa2 39. Kh2 Kg7 40. Qxf2 Rxf2 41. Kg3 Rf5 42. Re7 Kf6 43. Rc7 h5 44. Kh4 Ke6 45. g4 Re5 46. Rc6+ Ke7 47. Rc7+ Kf6 48. Rc6+ Kg7 49. Rc7 Rd5 50. Rb7 hxg4 51. hxg4 Kf6 52. Rc7 Ke6 53. Rc6+ Ke7 54. Rc7+ Ke6 55. Rc6+ Ke5 56. Kg5 Kd4+ 57. Kf6 Rd7 58. Rc8 c4 59. Rf8 c3 60. Rxf7 Rxf7+ 61. Kxf7 g5 0-1

[Event "FIDE WCCC Open-12 2024"]
[Site "Montesilvano"]
[Date "2024.11.24"]
[Round "9.28"]
[White "Radnaev, Leo"]
[Black "Mai, Duc Kien"]
[Result "0-1"]
[ECO "B76"]
[WhiteElo "1990"]
[BlackElo "1771"]
[Annotator "NA RC"]
[PlyCount "96"]
[EventDate "2024.11.18"]
[EventType "swiss"]
[EventCountry "ITA"]
[SourceTitle "playchess.com"]
[Source "ChessBase"]
[SourceQuality "1"]
[TimeControl "5400+30"]

1. e4 c5 2. Nf3 d6 3. d4 cxd4 4. Nxd4 Nf6 5. Nc3 g6 6. f3 Bg7 7. Be3 O-O 8. Qd2 Nc6 9. O-O-O d5 10. Qe1 e5 11. Nxc6 bxc6 12. exd5 Nxd5 13. Bc5 Be6 14. Ne4 f5 15. Bxf8 Bxf8 16. Nd2 Qf6 17. Nc4 Bg7 18. c3 Rb8 19. Bd3 Nf4 20. Bf1 Bd5 21. Qf2 Qf7 22. b3 Bh6 23. Kc2 Bg7 24. g3 Ne6 25. Ne3 Rd8 26. Bc4 Nc7 27. Rd2 Qf6 28. Nd1 Bh6 29. Rd3 Nb5 30. Rxd5 Na3+ 31. Kb2 Nxc4+ 32. bxc4 cxd5 33. Kc2 dxc4 34. f4 exf4 35. gxf4 Qa6 36. Nb2 Qxa2 37. Qe2 Qb3+ 38. Kb1 Rb8 39. Rd1 Bg7 40. Rc1 Bxc3 41. Rxc3 Qxc3 42. Qe6+ Kh8 43. Qe5+ Qxe5 44. fxe5 c3 45. e6 cxb2 46. e7 f4 47. h4 f3 48. h5 gxh5 0-1

[Event "FIDE WCCC Open-12 2024"]
[Site "Montesilvano"]
[Date "2024.11.24"]
[Round "9.29"]
[White "Vinales Gonzalez, Enzo Mathias"]
[Black "Gao, Arthur"]
[Result "0-1"]
[ECO "B41"]
[WhiteElo "1903"]
[BlackElo "1979"]
[Annotator "NA RC"]
[PlyCount "66"]
[EventDate "2024.11.18"]
[EventType "swiss"]
[EventCountry "ITA"]
[SourceTitle "playchess.com"]
[Source "ChessBase"]
[SourceQuality "1"]
[TimeControl "5400+30"]

1. e4 c5 2. Nf3 e6 3. d4 cxd4 4. Nxd4 a6 5. c4 Nf6 6. Nc3 Qc7 7. a3 b6 8. Be3 Bb7 9. f3 Nc6 10. Be2 Be7 11. O-O O-O 12. Qd2 Ne5 13. Rac1 Ng6 14. Kh1 d6 15. b4 Rfd8 16. a4 Rac8 17. Nb3 d5 18. Nxd5 exd5 19. cxd5 Qd6 20. a5 Rxc1 21. Rxc1 Qxb4 22. Qxb4 Bxb4 23. axb6 Rc8 24. Rxc8+ Bxc8 25. Bc5 Bc3 26. g3 Nd7 27. f4 Bb7 28. Bg4 Nf6 29. Bf3 a5 30. d6 a4 31. Nc1 Nd7 32. Nd3 f5 33. Ne5 Ngxe5 0-1

[Event "FIDE WCCC Open-12 2024"]
[Site "Montesilvano"]
[Date "2024.11.24"]
[Round "9.30"]
[White "Le, Anh Tu"]
[Black "El Zein, Bassam"]
[Result "1-0"]
[ECO "B29"]
[WhiteElo "1812"]
[BlackElo "1947"]
[Annotator "NA RC"]
[PlyCount "87"]
[EventDate "2024.11.18"]
[EventType "swiss"]
[EventCountry "ITA"]
[SourceTitle "playchess.com"]
[Source "ChessBase"]
[SourceQuality "1"]
[TimeControl "5400+30"]

1. e4 c5 2. Nf3 Nf6 3. e5 Nd5 4. Nc3 e6 5. Ne4 f5 6. Nc3 Ne7 7. d4 cxd4 8. Nxd4 a6 9. Nb3 Nbc6 10. f4 Ng6 11. Be3 d6 12. exd6 Bxd6 13. Qd2 Qc7 14. g3 O-O 15. O-O-O Be7 16. Bg2 Bf6 17. Na4 b5 18. Bb6 Qb8 19. Bxc6 bxa4 20. Bxa8 axb3 21. axb3 Qxb6 22. Bg2 Rd8 23. Qe2 Bd7 24. Rhe1 Nf8 25. Qe3 Qc7 26. Bf1 Rc8 27. Bc4 h6 28. Qd3 Qa5 29. Kb1 Rd8 30. Qd6 Bb5 31. Qc5 Rd4 32. c3 Rd7 33. Rxd7 Nxd7 34. Bxe6+ Kh7 35. Bxf5+ g6 36. Re7+ Bxe7 37. Qxe7+ Kh8 38. Bxg6 Bd3+ 39. Bxd3 Nf6 40. Qxf6+ Kg8 41. Bc4+ Qd5 42. Bxd5+ Kh7 43. Qf7+ Kh8 44. Qg8# 1-0

[Event "FIDE WCCC Open-12 2024"]
[Site "Montesilvano"]
[Date "2024.11.24"]
[Round "9.31"]
[White "Ivarlac, Vladislav"]
[Black "Saminskij, Jan"]
[Result "0-1"]
[ECO "A05"]
[WhiteElo "1867"]
[BlackElo "2202"]
[Annotator "RC"]
[PlyCount "118"]
[EventDate "2024.11.18"]
[EventType "swiss"]
[EventCountry "ITA"]
[SourceTitle "playchess.com"]
[Source "ChessBase"]
[SourceQuality "1"]
[TimeControl "5400+30"]

1. Nf3 Nf6 2. g3 g6 3. Bg2 Bg7 4. O-O O-O 5. d3 d6 6. Nbd2 e5 7. c4 c6 8. c5 Ne8 9. Nc4 d5 10. Ncd2 Qe7 11. Nb3 Nd7 12. Qc2 Nc7 13. e3 Ne6 14. Bd2 f5 15. Rac1 e4 16. Ne1 Ne5 17. Bc3 Bd7 18. Bxe5 Bxe5 19. f3 exf3 20. Nxf3 Bc7 21. Rce1 Ng5 22. Kh1 Nxf3 23. Bxf3 Rae8 24. e4 dxe4 25. dxe4 f4 26. g4 Be5 27. Nc1 Be6 28. Nd3 Bd4 29. b4 Qf7 30. Rd1 Rd8 31. Be2 g5 32. Nc1 Be3 33. Rxd8 Rxd8 34. Rd1 Rxd1+ 35. Qxd1 f3 36. Bf1 Qf4 37. Qd8+ Kf7 38. Nd3 Qxe4 39. Qc7+ Kg6 40. Qe5 Qd5 41. h3 f2+ 42. Kh2 Qxe5+ 43. Nxe5+ Kf6 44. Nc4 Bxc4 45. Bxc4 Bd2 46. b5 cxb5 47. Bxb5 Be3 48. c6 bxc6 49. Bf1 Ke5 50. Kg2 Ke4 51. Kg3 c5 52. Bg2+ Kd4 53. Kf3 c4 54. Ke2 c3 55. Kd1 Bd2 56. Ke2 Be1 57. Kd1 Ke3 58. Bf1 Kf3 59. Bd3 Kg2 0-1

[Event "FIDE WCCC Open-12 2024"]
[Site "Montesilvano"]
[Date "2024.11.24"]
[Round "9.32"]
[White "Xia, Jinnan"]
[Black "Ivancic, Ivan"]
[Result "1-0"]
[ECO "D35"]
[WhiteElo "1850"]
[BlackElo "2091"]
[Annotator "NA RC"]
[PlyCount "129"]
[EventDate "2024.11.18"]
[EventType "swiss"]
[EventCountry "ITA"]
[SourceTitle "playchess.com"]
[Source "ChessBase"]
[SourceQuality "1"]
[TimeControl "5400+30"]

1. d4 d5 2. c4 e6 3. Nc3 Nf6 4. cxd5 exd5 5. Bg5 c6 6. e3 h6 7. Bh4 Be7 8. Bd3 O-O 9. Nge2 Re8 10. O-O a5 11. Qc2 Na6 12. a3 Nc7 13. Bg3 Bd6 14. Rac1 Bxg3 15. Nxg3 h5 16. h3 Ne6 17. b4 axb4 18. axb4 b5 19. Nb1 Bd7 20. Nd2 Qe7 21. Rb1 Ra4 22. Qc3 Rea8 23. Bc2 R4a6 24. Nb3 g6 25. Na5 h4 26. Ne2 Ng5 27. Rfc1 Nfe4 28. Bxe4 Nxe4 29. Qe1 Nd6 30. Ra1 Nc4 31. Rc2 Qg5 32. Nf4 Qf5 33. Rca2 g5 34. Nxc6 Rxa2 35. Ne7+ Kf8 36. Rxa2 Kxe7 37. Rxa8 gxf4 38. exf4+ Qe4 39. Qxe4+ dxe4 40. Rh8 Na3 41. Rxh4 Nc2 42. Rh5 Nxb4 43. Re5+ Kf6 44. d5 Nc2 45. d6 b4 46. Re7 Bc6 47. g4 Nd4 48. g5+ Kf5 49. d7 Bxd7 50. Rxd7 Nf3+ 51. Kg2 Kxf4 52. Rxf7+ Kxg5 53. Kg3 b3 54. Rb7 Nd2 55. Rb5+ Kg6 56. Kf4 Kh6 57. Kg4 Kg6 58. Rb6+ Kg7 59. h4 Kh7 60. h5 Kg7 61. h6+ Kh7 62. Kh5 Nf3 63. Rxb3 Ne5 64. Rb7+ Kh8 65. Re7 1-0

[Event "FIDE WCCC Open-12 2024"]
[Site "Montesilvano"]
[Date "2024.11.24"]
[Round "9.33"]
[White "Obidov, Biloliddin"]
[Black "Aadik Theophane Lenin"]
[Result "1-0"]
[ECO "B47"]
[WhiteElo "2088"]
[BlackElo "1857"]
[Annotator "NA RC"]
[PlyCount "89"]
[EventDate "2024.11.18"]
[EventType "swiss"]
[EventCountry "ITA"]
[SourceTitle "playchess.com"]
[Source "ChessBase"]
[SourceQuality "1"]
[TimeControl "5400+30"]

1. e4 c5 2. Nf3 e6 3. d4 cxd4 4. Nxd4 Nc6 5. Nc3 Qc7 6. Qd3 a6 7. Nxc6 bxc6 8. Qg3 d6 9. Be2 Nf6 10. O-O h5 11. h4 e5 12. f4 Bg4 13. Bd3 Be7 14. Nd1 d5 15. fxe5 Bxd1 16. Rxd1 Ng4 17. Rf1 Qxe5 18. Qxe5 Nxe5 19. exd5 Nxd3 20. cxd3 cxd5 21. Bg5 Bxg5 22. hxg5 O-O 23. Rf5 Rfd8 24. Raf1 Rd7 25. Rc1 Rb8 26. b3 Rb5 27. Rc8+ Kh7 28. Rc6 a5 29. Rxf7 Rxf7 30. g6+ Kg8 31. gxf7+ Kxf7 32. Ra6 Rc5 33. d4 Rc1+ 34. Kh2 Rd1 35. Rxa5 Rxd4 36. Rb5 Rd2 37. a4 Rb2 38. a5 d4 39. Kg3 Ke6 40. b4 d3 41. Kf3 d2 42. Ke2 h4 43. a6 d1=Q+ 44. Kxd1 Rxg2 45. a7 1-0

[Event "FIDE WCCC Open-12 2024"]
[Site "Montesilvano"]
[Date "2024.11.24"]
[Round "9.34"]
[White "Nicot, Valentin"]
[Black "Berdashkevich, Makar"]
[Result "0-1"]
[ECO "D00"]
[WhiteElo "2078"]
[BlackElo "1848"]
[Annotator "NA RC"]
[PlyCount "114"]
[EventDate "2024.11.18"]
[EventType "swiss"]
[EventCountry "ITA"]
[SourceTitle "playchess.com"]
[Source "ChessBase"]
[SourceQuality "1"]
[TimeControl "5400+30"]

1. d4 Nf6 2. Nc3 d5 3. Bf4 c5 4. e4 a6 5. e5 Ng8 6. Nf3 Bg4 7. Be2 e6 8. O-O cxd4 9. Nxd4 Bxe2 10. Ncxe2 Qd7 11. Qd3 Nc6 12. Rad1 Nxd4 13. Nxd4 Rc8 14. Be3 Bc5 15. Nb3 Be7 16. c3 h5 17. Qe2 Qc7 18. f4 g6 19. Nd4 Nh6 20. Qf3 Bc5 21. g3 Ng4 22. h3 Nxe3 23. Qxe3 Qe7 24. Kg2 Rc7 25. Qf3 Bxd4 26. Rxd4 Kd8 27. Qd3 Kc8 28. h4 Kb8 29. Rb4 Rhc8 30. Rd4 Rc4 31. Rd1 Rxd4 32. Qxd4 Rc4 33. Qf2 Qc7 34. Rd4 Qc5 35. Rxc4 Qxc4 36. a3 Kc7 37. Qc2 Qc6 38. Kf2 Qc5+ 39. Kf1 d4 40. Qd2 dxc3 41. Qxc3 Qxc3 42. bxc3 Kb6 43. Ke2 Kb5 44. Kd3 Ka4 45. c4 b6 46. c5 bxc5 47. Kc4 Kxa3 48. Kxc5 a5 49. Kd6 Kb4 50. Ke7 a4 51. Kxf7 a3 52. Kxe6 a2 53. Kf7 a1=Q 54. e6 Qa2 55. Kxg6 Qxe6+ 56. Kxh5 Qf5+ 57. Kh6 Kc5 0-1

[Event "FIDE WCCC Open-12 2024"]
[Site "Montesilvano"]
[Date "2024.11.24"]
[Round "9.35"]
[White "Konstantinides, Savvas"]
[Black "Vaidyanathan, Adithya"]
[Result "1-0"]
[ECO "B38"]
[WhiteElo "1839"]
[BlackElo "2018"]
[Annotator "NA RC"]
[PlyCount "89"]
[EventDate "2024.11.18"]
[EventType "swiss"]
[EventCountry "ITA"]
[SourceTitle "playchess.com"]
[Source "ChessBase"]
[SourceQuality "1"]
[TimeControl "5400+30"]

1. e4 c5 2. Nf3 Nc6 3. d4 cxd4 4. Nxd4 g6 5. c4 Bg7 6. Be3 Nf6 7. Nc3 O-O 8. Be2 d6 9. f3 Bd7 10. Qd2 Nxd4 11. Bxd4 a5 12. h4 a4 13. h5 Qa5 14. h6 Bh8 15. O-O-O Be6 16. Kb1 Rfc8 17. Nd5 Bxd5 18. cxd5 Qxd2 19. Rxd2 Nh5 20. Bxh8 Kxh8 21. Rc1 Rc5 22. Rd4 Ng3 23. Bd3 Kg8 24. Rb4 Rxc1+ 25. Kxc1 Ra7 26. a3 f5 27. Bb5 Kf7 28. Kd2 fxe4 29. fxe4 g5 30. Ke3 Nh5 31. Bxa4 Nf6 32. Kd4 Kg6 33. e5 dxe5+ 34. Kxe5 Ra6 35. Bc2+ Kxh6 36. Rxb7 Ng8 37. a4 Kg7 38. b4 h6 39. a5 Kf7 40. Bd3 Rd6 41. a6 Nf6 42. Bc4 Kg6 43. a7 Rd8 44. Rxe7 Nd7+ 45. Rxd7 1-0

[Event "FIDE WCCC Open-12 2024"]
[Site "Montesilvano"]
[Date "2024.11.24"]
[Round "9.36"]
[White "Lee, Tsuen Jin Aiesec"]
[Black "Sason, Noam"]
[Result "0-1"]
[ECO "B51"]
[WhiteElo "1806"]
[BlackElo "2017"]
[Annotator "NA RC"]
[PlyCount "62"]
[EventDate "2024.11.18"]
[EventType "swiss"]
[EventCountry "ITA"]
[SourceTitle "playchess.com"]
[Source "ChessBase"]
[SourceQuality "1"]
[TimeControl "5400+30"]

1. e4 c5 2. Nf3 d6 3. Bb5+ Nd7 4. c4 e5 5. Nc3 Ne7 6. d3 Nc6 7. Nd5 a6 8. Ba4 Nb6 9. Bxc6+ bxc6 10. Nxb6 Qxb6 11. O-O Be7 12. Rb1 O-O 13. Be3 a5 14. Kh1 f5 15. exf5 Bxf5 16. Bg5 Bxg5 17. Nxg5 d5 18. g4 Qd8 19. h4 Bd7 20. cxd5 cxd5 21. Qb3 Bxg4 22. f3 Bf5 23. Rbc1 Rb8 24. Qc3 h6 25. Qxe5 hxg5 26. Rxc5 g4 27. Rc7 Qxh4+ 28. Kg1 Qf6 29. Qxd5+ Be6 30. Qe4 gxf3 31. Rf2 Rxb2 0-1

[Event "FIDE WCCC Open-12 2024"]
[Site "Montesilvano"]
[Date "2024.11.24"]
[Round "9.37"]
[White "Vorobyov, Radmir"]
[Black "Dauren, Darmen"]
[Result "0-1"]
[ECO "B01"]
[WhiteElo "2017"]
[BlackElo "1820"]
[Annotator "NA RC"]
[PlyCount "99"]
[EventDate "2024.11.18"]
[EventType "swiss"]
[EventCountry "ITA"]
[SourceTitle "playchess.com"]
[Source "ChessBase"]
[SourceQuality "1"]
[TimeControl "5400+30"]

1. e4 d5 2. exd5 Nf6 3. d4 Nxd5 4. c4 Nb6 5. Nc3 g6 6. Bf4 Bg7 7. Qd2 O-O 8. O-O-O c6 9. Bh6 Re8 10. Bxg7 Kxg7 11. f4 Qc7 12. Nf3 Bg4 13. h3 Bxf3 14. gxf3 N8d7 15. Bd3 Nf6 16. Rhg1 Rad8 17. Qe3 Qd7 18. Ne2 e6 19. Rg5 Nc8 20. Re5 Ne7 21. h4 h5 22. Rg1 b6 23. Bc2 b5 24. c5 Nfd5 25. Qe4 Nf5 26. Ng3 Nxg3 27. Rxg3 Kf8 28. Rg1 Nf6 29. Qe3 Qxd4 30. Rd1 Qxe3+ 31. Rxe3 Rxd1+ 32. Kxd1 Ra8 33. Be4 Nd5 34. Ra3 Ke7 35. Kd2 Kd7 36. Bxd5 exd5 37. b4 a6 38. Kd3 Ke6 39. Kd4 Kf5 40. Ke3 Ra7 41. Ra5 f6 42. Ra3 d4+ 43. Kd3 Kxf4 44. Kxd4 g5 45. hxg5 fxg5 46. Rb3 h4 47. Kd3 Re7 48. Kd2 h3 49. Rb1 Kxf3 50. Kd3 0-1

[Event "FIDE WCCC Open-12 2024"]
[Site "Montesilvano"]
[Date "2024.11.24"]
[Round "9.38"]
[White "Simiyu Jadon"]
[Black "Zhandos, Akarys"]
[Result "0-1"]
[ECO "B33"]
[WhiteElo "1784"]
[BlackElo "1932"]
[Annotator "NA RC"]
[PlyCount "92"]
[EventDate "2024.11.18"]
[EventType "swiss"]
[EventCountry "ITA"]
[SourceTitle "playchess.com"]
[Source "ChessBase"]
[SourceQuality "1"]
[TimeControl "5400+30"]

1. e4 c5 2. Nf3 Nc6 3. d4 cxd4 4. Nxd4 Nf6 5. Nc3 e5 6. Ndb5 d6 7. Bg5 a6 8. Na3 b5 9. Nd5 Be7 10. Bxf6 Bxf6 11. c3 O-O 12. Nc2 Bg5 13. h4 Be7 14. Nce3 Be6 15. g3 Rb8 16. Qd3 a5 17. Rd1 b4 18. Be2 Re8 19. Kf1 Bf8 20. Kg2 Qc8 21. h5 h6 22. f4 exf4 23. gxf4 Bxd5 24. exd5 Ne7 25. c4 Kh8 26. Rdg1 Ng8 27. Bd1 Nf6 28. Bc2 Rxe3 29. Qxe3 Qxc4 30. Bb3 Nxd5 31. Qf3 Nxf4+ 32. Kh2 Qd4 33. Kg3 Nd3 34. Rd1 Qe5+ 35. Kg2 Nf4+ 36. Kf2 a4 37. Bxf7 d5 38. Rh4 Qxb2+ 39. Kf1 Bd6 40. Rxf4 Bxf4 41. Qxf4 Rf8 42. Re1 b3 43. Re8 Qb1+ 44. Kf2 Qc2+ 45. Kf3 Rxe8 46. Bxe8 Qe4+ 0-1

[Event "FIDE WCCC Open-12 2024"]
[Site "Montesilvano"]
[Date "2024.11.24"]
[Round "9.40"]
[White "Lee, Daniel Joshua"]
[Black "Tona, Leonardo"]
[Result "0-1"]
[ECO "B13"]
[WhiteElo "1765"]
[BlackElo "1906"]
[Annotator "NA RC"]
[PlyCount "108"]
[EventDate "2024.11.18"]
[EventType "swiss"]
[EventCountry "ITA"]
[SourceTitle "playchess.com"]
[Source "ChessBase"]
[SourceQuality "1"]
[TimeControl "5400+30"]

1. e4 c6 2. d4 d5 3. exd5 cxd5 4. Bd3 Nc6 5. c3 Nf6 6. h3 g6 7. Bf4 Bf5 8. Be2 Bg7 9. Nf3 h5 10. Nbd2 O-O 11. O-O Re8 12. Re1 Qd7 13. Bb5 a6 14. Ne5 Qc8 15. Nxc6 bxc6 16. Ba4 Nd7 17. Nf3 f6 18. Nh4 Nb6 19. Bb3 a5 20. Nxf5 Qxf5 21. Be3 Qd7 22. Bc2 f5 23. b3 e6 24. Qf3 Kf7 25. Re2 Qc8 26. Rae1 Nd7 27. Qg3 Nf6 28. f3 Qd7 29. Bf4 Rac8 30. Bd3 Ra8 31. h4 Qa7 32. Kh1 Qb6 33. Bc7 Qb7 34. Qd6 Bf8 35. Qf4 Ra7 36. Bd6 Bxd6 37. Qxd6 Qc7 38. Qa3 Qg3 39. Kg1 Qc7 40. Qc1 Qd6 41. Qh6 Qg3 42. c4 Qxh4 43. cxd5 Qxd4+ 44. Re3 Nxd5 45. Kh1 Nxe3 46. Rxe3 Qg7 47. Qf4 Rd7 48. Bc4 Qd4 49. Qh6 Qh4+ 50. Kg1 Qd4 51. Kh1 Qh4+ 52. Kg1 Rd1+ 53. Bf1 Qd4 54. g3 Re1 0-1